 Dungeon Crawl Stone Soup version 0.29.1-2-gbd0b4ee654 (webtiles) character file.

Game seed: 14812075069085088609

80 leafyfresh the Changer (level 4, -11/28 HPs)
             Began as an Octopode Transmuter on Nov 6, 2022.
             Killed by divine providence
             ... invoked by an orc priest
              (13 damage)
             ... on level 3 of the Dungeon.
             The game lasted 00:03:53 (3421 turns).

leafyfresh the Changer (Octopode Transmuter)        Turns: 3421, Time: 00:03:54

Health: -11/28     AC:  2    Str:  9    XL:     4   Next: 39%
Magic:  2/7        EV: 19    Int: 15    God:
Gold:   129        SH:  0    Dex: 19    Spells: 1/7 levels left

rFire   + . .      SeeInvis .     - Unarmed
rCold   x . .      Faith    .   (shield currently unavailable)
rNeg    . . .      Spirit   .   (helmet currently unavailable)
rPois   x          Reflect  .   (no amulet)
rElec   .          Harm     .   c - ring of fire
rCorr   .          Rampage  .   e - ring of wizardry
Will    .....                   (no ring)
Stlth   ++........              (no ring)
HPRegen 0.09/turn               (no ring)
MPRegen 0.10/turn               (no ring)
                                (no ring)
                                (no ring)

@: spider-form (expiring)
A: venomous fangs, almost no armour, (amphibious), 8 rings, tiny, (camouflage
1), (gelatinous body 1), (nimble swimmer 1), (tentacles)
a: End Transformation


You were on level 3 of the Dungeon.
You were a venomous arachnid creature.
You visited 1 branch of the dungeon, and saw 3 of its levels.

You collected 129 gold pieces.

Inventory:

Magical Staves
 h - a staff of conjuration
Jewellery
 c - a ring of fire (left front leg)
 e - a ring of wizardry (right front leg)
 o - a ring of willpower
Scrolls
 b - a scroll of vulnerability {unknown}
 d - a scroll of torment {unknown}
 g - 2 scrolls of identify {unknown}
 j - a scroll of blinking {unknown}
 k - a scroll of noise {unknown}
 l - a scroll of butterflies {unknown}
 m - a scroll of enchant weapon {unknown}
Potions
 a - a potion of lignification
 f - a potion of curing {unknown}
 i - 2 potions of flight {unknown}
 n - a potion of haste {unknown}


   Skills:
 - Level 1.0 Fighting
 - Level 2.0 Dodging
 - Level 3.0 Unarmed Combat
 - Level 2.0 Spellcasting
 + Level 4.5 Transmutations


You had one spell level left.
You knew the following spells:

 Your Spells              Type           Power      Damage    Failure   Level
a - Beastly Appendage     Tmut           30%        N/A       4%          1
b - Spider Form           Tmut/Pois      8%         N/A       21%         3
c - Wereblood             Tmut           15%        N/A       6%          2

Your spell library contained the following spells:

 Spells                   Type           Power      Damage    Failure   Level
 Freeze                   Ice            4%         1d3       19%         1
 Scorch                   Fire           4%         2d5       26%         2
 Frozen Ramparts          Ice            2%         1d1       41%         3
 Ice Form                 Ice/Tmut       8%         N/A       50%         4
 Flame Wave               Conj/Fire      2%         2d4       77%         4
 Hailstorm                Conj/Ice       1%         3d3       77%         4
 Summon Cactus Giant      Summ           0%         N/A       100%        6


Dungeon Overview and Level Annotations

Branches:
Dungeon (3/15)

Altars:


Innate Abilities, Weirdness & Mutations

You are a venomous arachnid creature.
You have poisonous fangs.
You are tiny and dextrous.
Your spellcasting is less reliable in this form.
Your armour is entirely melded.
You are incapable of wielding weapons or throwing items.
You cannot wear most types of armour.
((You are amphibious.))
You can wear up to eight rings at the same time.
((Your skin changes colour to match your surroundings (Stealth+).))
((Your rubbery body absorbs attacks. (AC +1, EV +1)))
((You are camouflaged when in or above water. (Stealth+)))
((You have tentacles for arms and can constrict up to eight enemies at once.))


Message History

You hit the orc.
You kill the orc!
The orc misses you.
You hit the orc priest but do no damage.
The orc priest is poisoned.
The orc closely misses you. The orc priest misses you.
The orc hits you from afar with a +0 trident.
You hit the orc priest.
The orc priest looks as sick as possible!
The orc priest is moderately wounded.
The orc hits you with a +0 short sword. The orc priest completely misses you.
The orc hits you from afar with a +0 trident.
You are too injured to fight recklessly!
You are too injured to fight recklessly!
You hit the orc priest.
The orc priest looks as sick as possible!
The orc priest is moderately wounded.
The orc hits you with a +0 short sword. The orc priest completely misses you.
The orc hits you from afar with a +0 trident!
* * * LOW HITPOINT WARNING * * *
Unknown command.
The orc priest attacks as you move away!
The orc priest completely misses you.
Your transformation is almost over.
There is an open door here.
The orc priest looks braver for a moment.
Your magical contamination has completely faded away.
You hit the orc.
The orc is poisoned.
The orc is almost dead.
You kill the orc!
The orc misses you.
You barely miss the orc priest.
The orc priest is almost dead.
The orc priest hits you with a +0 dagger.
* * * LOW HITPOINT WARNING * * *
The orc completely misses you.
Unknown command.
The orc priest mumbles some strange prayers to Beogh against you.
Beogh smites you!
You die...

######## ##### #....>.#
#...# #.###..## #...###
....#...# #.....# ..#.#.#.#
#.....# ..#.#.#.# #.....#
....#.#.# ###.s.#
#.###.#.#######...#######..
#.# #.#.......'...o........
#.# #.#########...#o.....#
#.# #.##### #...#.)..^.#
#.# #.....## #...#......#
#.#######..##########...##
#'#..........## ...#
..............# ...#


You could see an orc priest (very poisoned) and an orc.

Vanquished Creatures
  A hound (D:3)
  An adder (D:2)
  2 orcs (D:3)
  5 bats
  3 endoplasms
  2 giant cockroaches
  5 goblins
  4 hobgoblins
  4 jackals (D:2)
  A quokka (D:1)
  3 ball pythons
  2 frilled lizards
  2 kobolds
  4 rats
39 creatures vanquished.

Notes
Turn   | Place    | Note
-------+----------+-------------------------------------------
     0 | D:1      | leafyfresh the Octopode Transmuter began the quest for the
                  | Orb.
     0 | D:1      | Reached XP level 1. HP: 13/13 MP: 3/3
   837 | D:1      | Reached XP level 2. HP: 13/18 MP: 5/5
  1415 | D:2      | Reached skill level 3 in Transmutations
  2028 | D:2      | Reached XP level 3. HP: 22/23 MP: 4/6
  2303 | D:2      | Learned a level 3 spell: Spider Form
  2306 | D:2      | Learned a level 2 spell: Wereblood
  2703 | D:2      | Identified the +5 plate armour of the Vestibule of Hell
                  | {Rampage Will+}
  3048 | D:3      | Reached skill level 4 in Transmutations
  3048 | D:3      | Reached XP level 4. HP: 21/28 MP: 3/7
  3421 | D:3      | Killed from afar by an orc priest

Illustrated notes

Levels and vault maps discovered:
D:1:      lightli_arrival_farm, layout_basic
D:2:      layout_loops_corners, chequers_jeans
D:3:      layout_basic, fedhas_altar_2, minmay_three_crescents

Skill      XL: |  1  2  3 |
---------------+----------+-----
Transmutations | 3 4 |  4.5
Fighting       | |  1.0
Dodging        | |  2.0
Unarmed Combat | |  3.0
Spellcasting   | |  2.0

Action                   |  1- 3 |  4- 6 || total
-------------------------+-------+-------++-------
Melee: Unarmed           |    80 |    10 ||    90
       Constrict         |    16 |       ||    16
       Tentacles         |    10 |     1 ||    11
       Kick              |     9 |       ||     9
       Punch             |     1 |       ||     1
 Cast: Beastly Appendage |     8 |       ||     8
       Spider Form       |     3 |     1 ||     4
       Wereblood         |     1 |       ||     1
 Stab: Sleeping          |     6 |     1 ||     7
Armor: Skin              |     5 |       ||     5
Dodge: Dodged            |    51 |     9 ||    60
